 Dungeon Crawl Stone Soup version 0.30-a0-956-gcec3b41aec (webtiles) character file.

Game seed: 15356826643852120441

44 IdlyInterested the Slasher (level 3, 0/28 HPs)
             Began as a Demonspawn Gladiator on Mar 29, 2023.
             Slain by a kobold
             ... wielding a +0 short sword
              (3 damage)
             ... on level 2 of the Dungeon.
             The game lasted 00:02:45 (938 turns).

IdlyInterested the Slasher (Demonspawn Gladiator)    Turns: 938, Time: 00:02:46

Health: 0/28       AC:  4    Str: 14    XL:     3   Next: 41%
Magic:  3/3        EV: 12    Int:  9    God:
Gold:   86         SH:  0    Dex: 16    Spells: 2/2 levels left

rFire   . . .      SeeInvis .    a - +1 long sword
rCold   . . .      Faith    .    (no shield)
rNeg    . . .      Spirit   .    b - +0 leather armour
rPois   .          Reflect  .    c - +0 helmet
rElec   .          Rampage  .    (no cloak)
rCorr   .                        (no gloves)
Will    .....                    (no boots)
Stlth   +                        (no amulet)
HPRegen 0.24/turn                (no ring)
MPRegen 0.16/turn                (no ring)

@: no status effects
A: magic regeneration
a: no special abilities


You were on level 2 of the Dungeon.
You visited 1 branch of the dungeon, and saw 2 of its levels.

You collected 86 gold pieces.

Inventory:

Hand Weapons
 a - a +1 long sword (weapon)
 l - a +2 short sword of freezing
Missiles
 d - 3 throwing nets
 e - a javelin
 f - 22 stones (quivered)
Armour
 b - a +0 leather armour (worn)
 c - a +0 helmet (worn)
Scrolls
 i - 2 scrolls of magic mapping


   Skills:
 + Level 2.5 Fighting
 * Level 3.4 Long Blades
 - Level 1.7 Throwing
 - Level 1.0 Armour
 - Level 2.6 Dodging
 + Level 0.3 Stealth


You had 2 spell levels left.
You didn't know any spells.
Your spell library contained the following spells:

 Spells                   Type           Power      Damage    Failure   Level
 Blink                    Tloc           0%         N/A       58%         2
 Manifold Assault         Tloc           0%         N/A       99%         4
 Storm Form               Tmut/Air       0%         N/A       100%        7


Dungeon Overview and Level Annotations

Branches:
Dungeon (2/15)

Altars:


Innate Abilities, Weirdness & Mutations

You regenerate magic rapidly.


Message History

The adder is almost dead.
You feel sick.
You are no longer poisoned.
The adder closely misses you.
You barely miss the adder.
The adder is almost dead.
The adder closely misses you. The adder barely misses you.
You completely miss the adder.
The adder is almost dead.
The adder bites you.
* * * LOW HITPOINT WARNING * * *
You hit the adder.
You kill the adder!
You barely miss the frilled lizard. The frilled lizard closely misses you.
You slash the frilled lizard!
You kill the frilled lizard!
You slash the hobgoblin!
You kill the hobgoblin!
The rat bites you but does no damage.
You slash the rat!
You kill the rat!
You slash the worm! You punch the worm.
The worm is severely wounded.
The worm barely misses you.
You slash the worm!
The worm is almost dead.
The worm bites you.
* * * LOW HITPOINT WARNING * * *
You hit the worm.
You kill the worm!
The adder bites you but does no damage.
You barely miss the adder. The adder completely misses you.
The adder closely misses you.
You slash the adder!
The adder is almost dead.
The adder closely misses you.
You slash the adder!
You kill the adder!
The kobold hits you with a +0 short sword.
You die...

#§# #<# #§# #.# #§# #.# #§# #.#
#§# #.# ****** ########## #§# #.#
*,,,,, #........# #§# #.# *,,,,,
####........###.####.#***,,,,,
***#..........KK@........S,,,,,,,
,,,........)...###.#######**,,,,,
,**##....####### #.# ******
**,,##..,,,,* #.# ********
*,,,S'S,,,,,* #.# *,,,,,,*
*,,g.#,,,,,,* **#+#**,,,,,,*
**,.*****,,,* *,,,,,,,,,,,,**
,**+***,**,** *,,,,,,,,,,,,,*
+***,+,,,*,* *,,,,,,,,,,,,,*


You could see 2 kobolds.

Vanquished Creatures
  3 adders (D:2)
  A worm (D:2)
  A dart slug (D:1)
  A ball python (D:1)
  2 giant cockroaches
  4 goblins
  2 hobgoblins
  2 bats (D:1)
  2 frilled lizards
  2 kobolds (D:1)
  3 rats
23 creatures vanquished.

Notes
Turn   | Place    | Note
-------+----------+-------------------------------------------
     0 | D:1      | IdlyInterested the Demonspawn Gladiator began the quest for
                  | the Orb.
     0 | D:1      | Reached XP level 1. HP: 16/16 MP: 1/1
   108 | D:1      | Found a faded altar of an unknown god.
   152 | D:1      | Reached skill level 3 in Long Blades
   212 | D:1      | Gained mutation: You regenerate magic rapidly. [demonic
                  | ancestry]
   212 | D:1      | Reached XP level 2. HP: 18/22 MP: 2/2
   909 | D:2      | Reached skill level 1 in Armour
   918 | D:2      | Reached XP level 3. HP: 14/28 MP: 3/3
   938 | D:2      | Slain by a kobold

Illustrated notes

Levels and vault maps discovered:
D:1:      wander_arrival_fairy_ring, layout_loops_ring,
          hellmonk_ecumenical_altar_defaced_shrine, minivault_14
D:2:      layout_basic, basic_altar, minmay_joined_circles

Skill      XL: |  1  2 |
---------------+-------+-----
Long Blades    | 3 |  3.4
Armour         | 1 |  1.0
Fighting       | |  2.5
Throwing       | |  1.7
Dodging        | |  2.6
Stealth        | |  0.3

Action                     || total
---------------------------++-------
  Melee: Long sword        ||    79
         Punch             ||     4
    Use: Scroll            ||     4
         Potion            ||     2
   Stab: Sleeping          ||     1
 Armour: Leather armour    ||    27
  Dodge: Dodged            ||    61

Table legend: (Time is in decaauts)
 A = Elapsed time spent in this place.
 B = Non-inter-level travel time spent in this place.
 C = Inter-level travel time spent in this place.
 D = Time resting spent in this place.
 E = Time spent auto-exploring this place.
 F = Levels seen in this place.
 G = Mean time per level.
                   A        B        C        D        E       F      G
               +--------+--------+--------+--------+--------+-----+--------+
         Total |    957 |    842 |    115 |      0 |    619 |   2 |  478.5 |
       Dungeon |    957 |    842 |    115 |      0 |    619 |   2 |  478.5 |
               +--------+--------+--------+--------+--------+-----+--------+

Top non-repeatable levels by time:
     D:1: 870 daAuts
     D:2: 86 daAuts
